 Dungeon Crawl Stone Soup version 0.29.0-5-ge4962eb29e (webtiles) character file.

Game seed: 15223127441502000804

1975727 ragingrage the Hoplite (level 27, 192/192 HPs)
             Began as a Gargoyle Artificer on Aug 28, 2022.
             Was a High Priest of Okawaru.
             Escaped with the Orb
             ... and 4 runes on Aug 29, 2022!
             The game lasted 02:16:36 (91265 turns).

ragingrage the Hoplite (Gargoyle Artificer)        Turns: 91265, Time: 02:16:36

Health: 192/192    AC: 61    Str: 24    XL:     27
Magic:  29/29      EV: 10    Int: 14    God:    Okawaru [*****.]
Gold:   2236       SH: 24    Dex: 16    Spells: 26/26 levels left

rFire   + + .      SeeInvis +   a - +9 broad axe (vamp)
rCold   + + .      Faith    .   m - +0 tower shield
rNeg    + + +      Spirit   +   P - +7 gold dragon scales
rPois   ∞          Reflect  .   u - +1 helmet {SInv}
rElec   +          Harm     +   R - scarf {rC+ rF+}
rCorr   +          Rampage  +   U - +2 pair of gloves {hurl}
Will    +++++                   g - +2 pair of boots
Stlth   ..........              Y - amulet "Tusuog" {Spirit Harm Rampage Will+++ Str-4}
HPRegen 0.42/turn               y - ring of Faretuett {rN++ Dex+6}
MPRegen 0.21/turn               V - ring of resist corrosion

@: finesse-ful, flying, studying 3 skills
A: sickness immunity, AC +20, big wings, negative energy resistance 1,
electricity resistance, torment resistance 1, petrification resistance,
screaming 1
0: Orb of Zot
}: 4/15 runes: decaying, slimy, silver, gossamer
a: Renounce Religion, Heroism, Finesse, Duel


You escaped.
You worshipped Okawaru.
Okawaru was extremely pleased with you.
You visited 11 branches of the dungeon, and saw 53 of its levels.
You visited the Abyss 1 time.
You visited 2 bazaars.
You also visited: Gauntlet, Ice Cave and Volcano.

You collected 8741 gold pieces.
You spent 6505 gold pieces at shops.

Inventory:

Hand Weapons
 a - a +9 vampiric broad axe (weapon)
Missiles
 C - 19 boomerangs
 G - 23 curare-tipped darts
 O - 16 javelins (quivered)
 Q - 12 silver boomerangs
 X - 9 silver javelins
Armour
 g - a +2 pair of boots (worn)
 m - a +0 tower shield (worn)
 u - a +1 helmet of see invisible (worn)
 P - +7 gold dragon scales (worn)
 R - a scarf of resistance (worn)
 U - a +2 pair of gloves of hurling (worn)
Jewellery
 d - a +4 ring of slaying
 y - the ring of Faretuett (left hand) {rN++ Dex+6}
   (You acquired it on level 3 of the Elven Halls)

   [ring of dexterity]

   Dex:       It affects your dexterity (+6).
   rN:        It greatly protects you from negative energy.
 S - a ring of protection from fire
 V - a ring of resist corrosion (right hand)
 Y - the amulet "Tusuog" (around neck) {Spirit Harm Rampage Will+++ Str-4}
   (You bought it in a shop on level 2 of the Depths)

   [amulet of guardian spirit]

   It causes incoming damage to be divided between your reserves of health and
   magic.
   Str:       It affects your strength (-4).
   Harm:      It increases damage dealt and taken.
   Rampage:   It bestows one free step when moving towards enemies.
   Will:      It greatly increases your willpower.
Wands
 c - a wand of flame (142)
 e - a wand of iceblast (29)
 p - a wand of polymorph (26)
 x - a wand of mindburst (57)
 B - a wand of digging (9)
 N - a wand of quicksilver (25)
Scrolls
 o - 5 scrolls of blinking
 r - a scroll of magic mapping
 v - 2 scrolls of immolation
 w - 4 scrolls of enchant weapon
 F - 5 scrolls of fog
 H - 24 scrolls of teleportation
 J - 5 scrolls of poison
 L - 17 scrolls of fear
 M - 7 scrolls of torment
 Z - 4 scrolls of silence
Potions
 f - 4 potions of berserk rage
 h - 6 potions of invisibility
 i - 10 potions of attraction
 j - 19 potions of curing
 k - 11 potions of might
 l - 12 potions of mutation
 q - 6 potions of ambrosia
 s - 20 potions of lignification
 t - 3 potions of resistance
 z - a potion of cancellation
 A - 7 potions of haste
 D - 18 potions of heal wounds
 T - 6 potions of magic
Miscellaneous
 b - a condenser vane
 E - a lightning rod (4/4)
 I - a tin of tremorstones (2/2)
 K - a phial of floods


   Skills:
 + Level 24.8 Fighting
 - Level 20.0 Axes
 - Level 20.0 Throwing
 + Level 20.6 Armour
 + Level 9.2 Dodging
 - Level 1.1 Stealth
 + Level 25.3 Shields
 - Level 9.0 Invocations
 - Level 19.0 Evocations


You had 26 spell levels left.
You didn't know any spells.
Your spell library contained the following spells:

 Spells                   Type           Power      Damage    Failure   Level
 Apportation              Tloc           0%         N/A       99%         1
 Foxfire                  Conj/Fire      0%         2x1d4     99%         1
 Freeze                   Ice            0%         1d3       99%         1
 Magic Dart               Conj           0%         1d3       99%         1
 Necrotise                Necr           0%         1d4       99%         1
 Sandblast                Erth           0%         2d4       99%         1
 Shock                    Conj/Air       0%         1d3       99%         1
 Blink                    Tloc           0%         N/A       100%        2
 Ensorcelled Hibernation  Hex/Ice        0%         N/A       100%        2
 Passwall                 Tmut/Erth      0%         N/A       100%        2
 Poisonous Vapours        Pois/Air       0%         N/A       100%        2
 Static Discharge         Conj/Air       0%         3-3/arc   100%        2
 Conjure Flame            Conj/Fire      0%         6-21      100%        3
 Dazzling Flash           Conj/Hex       0%         N/A       100%        3
 Frozen Ramparts          Ice            0%         1d1       100%        3
 Gell's Gravitas          Tloc           0%         N/A       100%        3
 Ignite Poison            Fire/Tmut/Pois 0%         N/A       100%        3
 Inner Flame              Hex/Fire       0%         N/A       100%        3
 Lesser Beckoning         Tloc           0%         N/A       100%        3
 Mephitic Cloud           Conj/Pois/Air  0%         N/A       100%        3
 Portal Projectile        Hex/Tloc       0%         N/A       100%        3
 Spider Form              Tmut/Pois      0%         N/A       100%        3
 Stone Arrow              Conj/Erth      0%         3d7       100%        3
 Swiftness                Air            0%         N/A       100%        3
 Teleport Other           Tloc           0%         N/A       100%        3
 Airstrike                Air            0%         2d(0-16)  100%        4
 Anguish                  Hex/Necr       0%         N/A       100%        4
 Cause Fear               Hex            0%         N/A       100%        4
 Corpse Rot               Necr/Pois/Air  0%         N/A       100%        4
 Dispel Undead            Necr           0%         3d6       100%        4
 Flame Wave               Conj/Fire      0%         2d4       100%        4
 Fulminant Prism          Conj/Hex       0%         3d6       100%        4
 Hailstorm                Conj/Ice       0%         3d3       100%        4
 Ice Form                 Ice/Tmut       0%         N/A       100%        4
 Iskenderun's Mystic Bla  Conj/Tloc      0%         2d3       100%        4
 Leda's Liquefaction      Hex/Erth       0%         N/A       100%        4
 Olgreb's Toxic Radiance  Pois           0%         N/A       100%        4
 Passage of Golubria      Tloc           0%         N/A       100%        4
 Petrify                  Tmut/Erth      0%         N/A       100%        4
 Sticky Flame             Conj/Fire      0%         2d3       100%        4
 Alistair's Intoxication  Tmut/Pois      0%         N/A       100%        5
 Blade Hands              Tmut           0%         N/A       100%        5
 Borgnjor's Vile Clutch   Necr/Erth      0%         N/A       100%        5
 Freezing Cloud           Conj/Ice/Air   0%         6-21      100%        5
 Irradiate                Conj/Tmut      0%         3d11      100%        5
 Lee's Rapid Deconstruct  Erth           0%         3d5*      100%        5
 Lightning Bolt           Conj/Air       0%         1d11      100%        5
 Manifold Assault         Tloc           0%         N/A       100%        5
 Metabolic Englaciation   Hex/Ice        0%         N/A       100%        5
 Yara's Violent Unravell  Hex/Tmut       0%         3d3       100%        5
 Dispersal                Tloc           0%         N/A       100%        6
 Eringya's Noxious Bog    Tmut/Pois      0%         N/A       100%        6
 Starburst                Conj/Fire      0%         6d3       100%        6
 Dragon Form              Tmut           0%         N/A       100%        7
 Enfeeble                 Hex            0%         N/A       100%        7
 Orb of Destruction       Conj           0%         9d5       100%        7
 Ozocubu's Refrigeration  Ice            0%         4d7       100%        7
 Storm Form               Tmut/Air       0%         N/A       100%        7
 Borgnjor's Revivificati  Necr           0%         N/A       100%        8
 Ignition                 Fire           0%         3d3       100%        8
 Lehudib's Crystal Spear  Conj/Erth      0%         10d2      100%        8
 Maxwell's Capacitive Co  Air            0%         ∞         100%        8
 Necromutation            Tmut/Necr      0%         N/A       100%        8
 Chain Lightning          Conj/Air       0%         N/A       100%        9
 Death's Door             Necr           0%         N/A       100%        9
 Fire Storm               Conj/Fire      0%         5d1       100%        9
 Shatter                  Erth           0%         3d5*      100%        9
 Summon Small Mammal      Summ           Unusable   N/A       N/A         1
 Call Imp                 Summ           Unusable   N/A       N/A         2
 Call Canine Familiar     Summ           Unusable   N/A       N/A         3
 Summon Guardian Golem    Hex/Summ       Unusable   N/A       N/A         3
 Tukima's Dance           Hex            Unusable   N/A       N/A         3
 Animate Armour           Summ/Erth      Unusable   N/A       N/A         4
 Summon Ice Beast         Ice/Summ       Unusable   N/A       N/A         4
 Summon Lightning Spire   Summ/Air       Unusable   N/A       N/A         4
 Death Channel            Necr           Unusable   N/A       N/A         6
 Simulacrum               Ice/Necr       Unusable   N/A       N/A         6
 Statue Form              Tmut/Erth      Unusable   N/A       N/A         6
 Spellforged Servitor     Conj/Summ      Unusable   N/A       N/A         7
 Dragon's Call            Summ           Unusable   N/A       N/A         9

Dungeon Overview and Level Annotations

Branches:
Dungeon (15/15)            Temple (1/1) D:4            Lair (5/5) D:8
  Swamp (4/4) Lair:3       Spider (4/4) Lair:3        Slime (5/5) Lair:5
    Orc (2/2) D:10            Elf (3/3) Orc:2        Vaults (5/5) D:14
  Crypt (0/3) Vaults:2     Depths (4/4) D:15            Zot (5/5) Depths:4
  IceCv (visited)         Volcano (visited)         Gauntlet (visited)

Altars:
Ashenzari
Elyvilon
Fedhas
Gozag
Hepliaklqana
Makhleb
Nemelex Xobeh
Okawaru
Qazlal
Sif Muna
Trog
Uskayaw
Yredelemnul
Zin
Jiyva

Shops:
D:6 !   D:7 :((   D:11 =   Orc:2 :?::   Vaults:1 ?!![   Vaults:4 ?   Depths:1 *
Depths:2 =:=

Portals:
Hell: Depths:1 Depths:2 Depths:3 Depths:4
Abyss: Depths:3
Pandemonium: Depths:2
Ziggurat: Depths:1

Annotations:
D:12 exclusion: downstairs
Lair:4 exclusion: 2 downstairs
Spider:1 3 runed translucent doors, Theoretic's ghost, adept TeWr
Spider:2 exclusion: downstairs
Elf:2 3 runed translucent doors
Depths:1 1 transporter


Innate Abilities, Weirdness & Mutations

You are immune to sickness and miasma.
Your stone body is resilient. (AC +20)
You are immune to poison.
Your large and strong wings let you fly.
You resist negative energy. (rN+)
You are resistant to electric shocks. (rElec)
You are resistant to unholy torment.
You are immune to petrification.
You occasionally shout uncontrollably at your foes.


Message History

The large abomination is moderately damaged.
You closely miss the large abomination.
The large abomination is moderately damaged.
You barely miss the large abomination.
The large abomination is moderately damaged.
You block the large abomination's attack.
You hit the large abomination but do no damage.
The large abomination is moderately damaged.
You slash the large abomination!
The large abomination is severely damaged.
You slash the large abomination!
The large abomination is almost destroyed.
You slice the large abomination!!
You destroy the large abomination!
Okawaru accepts your kill.
No target in view!
There is a staircase leading out of the dungeon here.
A shadow demon comes into view.
You yell at the hell beast!
A hell beast comes into view.
You slice the hell beast!!
The hell beast is heavily wounded.
You rampage towards the shadow demon!
You barely miss the shadow demon. You slash the hell beast!
The hell beast barely misses you.
The hell beast tramples you but does no damage.
You slash the shadow demon!
The shadow demon is lightly wounded.
You barely miss the hell beast. You block the shadow demon's attack.
You slice the hell beast!!
You kill the hell beast!
Okawaru accepts your kill.
You hit the shadow demon.
You cut the shadow demon into ribbons!!!
You kill the shadow demon!
Okawaru accepts your kill.
No target in view!
No target in view!
No target in view!
There is a staircase leading out of the dungeon here.
You have escaped!

##############.#.### #....
#..............#############
#.##############.........### #.#
###............... #.#
#.......⌠...⌠..... #.#
##...⌠.........⌠.. #.#
#.........≈....... #.#
#...⌠...........⌠. #.#
#@.....≈.....≈.... #### #.#
#...⌠...........⌠. ...# #.#
###.........≈....... ##.# #.#
#.##...⌠.........⌠.. #.# #†#
#.#....(..⌠...⌠..... ##.###.#
#.###............... #>.....#
###.######.........### #..#####
#.....# #############
#..#########.#.#.#####...........


There were no monsters in sight!

Vanquished Creatures
  the Royal Jelly (Slime:5)
  A pandemonium lord (Zot:5)
  3 dread liches
  3 orbs of fire
  4 ancient liches
  the Lernaean hydra (Swamp:4)
  Xtahua (Vaults:4)
  4 Killer Klowns
  8 curse toes
  Nikola (Spider:2)
  12 golden dragons
  A bone dragon (Depths:4)
  2 Brimstone Fiends
  3 electric golems
  Mlioglotl (Lair:3)
  18 tentacled monstrosities
  An Ice Fiend (D:3)
  27 Orb Guardians
  6 liches
  3 deep elf master archers
  5 titans
  7 quicksilver dragons
  3 deep elf blademasters
  23 acid blobs
  An Executioner (D:1)
  6 sphinxes
  An acid blob (shapeshifter) (Depths:3)
  12 shadow dragons
  14 death cobs
  7 tengu reavers
  Kirke (D:13)
  16 storm dragons
  A storm dragon (shapeshifter) (Depths:3)
  8 draconian monks
  21 vault wardens
  10 emperor scorpions
  11 fire giants
  A fenstrider witch (Swamp:3)
  10 azure jellies
  3 deep elf sorcerers (Elf:3)
  12 rockslimes
  6 draconian scorchers
  4 draconian knights
  10 frost giants
  3 balrugs
  10 ghost moths
  Aizul (Swamp:2)
  4 iron dragons
  4 draconian stormcallers
  3 deep elf elementalists
  4 draconian shifters
  7 draconian annihilators
  20 very ugly things
  11 stone giants
  A demonspawn corrupter (Depths:2)
  17 ironbound preservers
  2 broodmothers
  A demonspawn blood saint (Depths:3)
  10 quicksilver oozes
  7 war gargoyles
  2 reapers
  The ghost of ChongLi the Zephyrmancer, a journeyman TeCj of Vehumet (D:10)
  8 black draconians
  5 deep elf demonologists (Elf:3)
  7 ironbound thunderhulks
  A vampire knight (Depths:1)
  6 entropy weavers
  13 purple draconians
  14 deep elf annihilators
  9 yellow draconians
  Azrael (D:14)
  A minotaur (Gauntlet)
  9 dire elephants
  7 green draconians
  6 eleionomae
  2 lorocyprocas
  8 spark wasps
  2 bunyips
  14 white draconians
  7 deep elf death magi
  An eidolon (Vaults:2)
  4 green deaths
  5 red draconians
  6 deep elf high priests
  7 ettins
  2 crystal guardians
  2 shambling mangroves
  14 yaktaur captains
  12 great orbs of eyes
  3 rakshasas
  2 fire dragons (Depths:4)
  An ice dragon (shapeshifter) (Depths:3)
  19 hydras
  4 ice dragons
  A jorogumo (Spider:1)
  A juggernaut simulacrum (Depths:3)
  15 boulder beetles
  2 hell beasts
  39 vault guards
  12 centaur warriors
  8 ironbound frosthearts
  3 peacekeepers
  2 anacondas (shapeshifter) (Depths:3)
  A catoblepas (D:15)
  6 radroaches
  4 spriggan air magi
  A catoblepas (shapeshifter) (Depths:3)
  26 two-headed ogres
  2 salamander tyrants (Depths:3)
  7 ogre magi
  15 dancing weapons
  A death knight (Vaults:2)
  4 alligators
  6 deep troll shamans
  10 deep troll earth magi
  2 tengu warriors
  A vampire mage (Zot:2)
  A thrashing horror (Swamp:4)
  A shock serpent (shapeshifter) (Depths:3)
  13 deep elf knights
  A hell knight (Depths:3)
  A spriggan berserker (Depths:4)
  Nergalle (Lair:1)
  A soul eater (Depths:2)
  8 sun demons
  Sonja (Lair:1)
  6 iron trolls
  6 goliath frogs
  6 steelbarb worms
  A death drake (shapeshifter) (Vaults:5)
  A skeletal warrior (D:13)
  A sun moth (Spider:1)
  Amaemon (Lair:3)
  4 pharaoh ants
  2 quicksilver dragon simulacra (Depths:3)
  4 spriggan druids
  4 glowing orange brains
  2 shadow demons
  37 deep trolls
  10 deep elf archers
  10 orb spiders
  10 wizards
  Pikel (D:7)
  8 phantasmal warriors
  A swamp dragon (shapeshifter) (Depths:1)
  7 bog bodies
  8 swamp dragons
  15 ironbound convokers
  27 deep elf pyromancers
  12 lindwurms
  3 harpies (Vaults:2)
  11 necromancers
  2 orc knights
  8 shining eyes
  2 will-o-the-wisps
  11 cyclopes
  16 wolf spiders
  43 ugly things
  17 deep elf zephyrmancers
  6 oklob plants (Lair:5)
  A stone giant zombie (Vaults:2)
  4 manticores
  A manticore (shapeshifter) (Vaults:5)
  A salamander (D:15)
  17 elephants
  7 black mambas
  32 moths of wrath
  5 toenail golems (Volcano)
  20 vault sentinels
  4 eyes of devastation
  2 ice statues (IceCv)
  9 apocalypse crabs (Zot:2)
  A smoke demon (Depths:4)
  Joseph (D:10)
  A rust devil (Depths:4)
  5 torpor snails
  2 orange demons
  A gargoyle (D:14)
  3 unseen horrors
  A minotaur zombie (Gauntlet)
  18 cane toads
  4 efreet
  A tengu conjurer (Depths:3)
  33 yaktaurs
  20 komodo dragons
  A komodo dragon (shapeshifter) (D:13)
  3 rime drakes
  A tormentor (D:11)
  3 freezing wraiths
  9 trolls
  16 demonic crawlers
  4 ice devils
  4 kobold demonologists
  A hellwing (Depths:4)
  12 meliai
  6 tyrant leeches
  2 hornets (shapeshifter)
  13 hornets
  A merfolk (D:15)
  36 tarantellas
  4 polar bears
  24 blink frogs
  123 slime creatures
  An ettin zombie (Vaults:2)
  A human skeleton (Vaults:2)
  4 dream sheep (Lair:3)
  A sphinx simulacrum (Vaults:2)
  5 flying skulls (Gauntlet)
  54 jumping spiders
  4 water elementals
  A dire elephant simulacrum (IceCv)
  4 vampires
  28 culicivoras
  3 air elementals
  2 wyverns
  3 centaur simulacra (Gauntlet)
  8 shadows
  4 spriggans
  A ynoxinul (Depths:4)
  3 humans (D:13)
  3 wraiths
  11 fire elementals
  47 yaks
  2 hogs (D:13)
  5 basilisks
  A death yak simulacrum (IceCv)
  57 redbacks
  8 golden eyes
  11 vampire mosquitoes
  2 chaos spawn (D:12)
  2 large abominations
  5 steam dragons
  A naga (shapeshifter) (Depths:4)
  A warg (Orc:1)
  A harpy simulacrum (Gauntlet)
  A hydra simulacrum (IceCv)
  14 swamp worms
  Menkaure (D:4)
  A hell hound (D:14)
  Duvessa (D:4)
  8 water moccasins
  An acid dragon (D:13)
  A floating eye (D:10)
  A swamp drake (Swamp:3)
  4 sky beasts
  2 black bears
  23 orc warriors
  15 wolves
  19 centaurs
  4 boggarts
  27 ogres
  2 lemures (D:7)
  4 kobold brigands (D:10)
  A phantom (D:4)
  3 gnoll sergeants
  17 bullfrogs
  A necrophage (D:6)
  A cane toad simulacrum (IceCv)
  2 earth elementals (Elf:2)
  4 scorpions
  2 two-headed ogre simulacra (IceCv)
  4 wights
  Dowan (D:4)
  2 elephant simulacra (IceCv)
  2 killer bees (D:10)
  A howler monkey (D:8)
  4 electric eels
  A crimson imp (D:8)
  13 orc priests
  8 hounds
  4 gnoll boudas
  4 iguanas
  18 orc wizards
  2 spriggan simulacra (IceCv)
  2 troll simulacra (IceCv)
  A wolf simulacrum (IceCv)
  A boggart simulacrum (Gauntlet)
  Robin (D:4)
  33 gnolls
  8 adders
  2 naga simulacra (IceCv)
  A white imp (IceCv)
  5 ufetubi
  2 worms
  59 orcs
  7 endoplasms
  5 giant cockroaches
  14 hobgoblins
  9 jackals
  2 quokkas
  8 ball pythons
  6 bats
  5 frilled lizards
  26 goblins
  19 kobolds
  5 rats
2290 creatures vanquished.

Vanquished Creatures (others)
  A tengu reaver (Vaults:5)
  A draconian knight (Zot:4)
  A deep elf death mage (Elf:1)
  2 deep elf zephyrmancers (Elf:1)
  A bloated husk (Swamp:4)
  A tarantella (Spider:2)
  An air elemental (Elf:1)
  A shadow (D:10)
  A jumping spider (Spider:4)
  2 water elementals (Elf:1)
  A wraith (D:10)
  A boggart (D:14)
  A goblin (D:1)
  A hobgoblin (D:3)
  A kobold (D:3)
  3 ball lightnings (D:10)
  14 foxfires
  23 fungi
  125 plants
  5 withered plants (Gauntlet)
187 creatures vanquished.

Grand Total: 2477 creatures vanquished

Notes
Turn   | Place    | Note
-------+----------+-------------------------------------------
     0 | D:1      | ragingrage the Gargoyle Artificer began the quest for the
                  | Orb.
     0 | D:1      | Reached XP level 1. HP: 12/12 MP: 1/1
   262 | D:1      | Reached XP level 2. HP: 13/17 MP: 2/2
  1182 | D:1      | Reached skill level 1 in Axes
  1324 | D:1      | Reached XP level 3. HP: 21/21 MP: 3/3
  2188 | D:2      | Reached XP level 4. HP: 26/26 MP: 4/4
  2193 | D:2      | Found a faded altar of an unknown god.
  2829 | D:3      | Found an iron altar of Okawaru.
  2830 | D:3      | Found a basalt altar of Yredelemnul.
  2850 | D:3      | Became a worshipper of Warmaster Okawaru
  3300 | D:3      | HP: 1/26 [something (1)]
  3655 | D:3      | Reached XP level 5. HP: 30/30 MP: 5/5
  3656 | D:3      | Found a hide-covered altar of Uskayaw.
  3656 | D:3      | Found an opulent altar of Gozag.
  4315 | D:4      | Noticed Menkaure
  4341 | D:4      | Killed Menkaure
  4342 | D:4      | Reached skill level 5 in Axes
  4342 | D:4      | Reached XP level 6. HP: 35/35 MP: 6/6
  4350 | D:4      | Identified the ring "Wet Baph" {rElec AC+4 Int+6}
  4497 | D:4      | Noticed Duvessa
  4677 | D:4      | Noticed Robin
  4731 | D:4      | Killed Robin
  4818 | D:4      | Noticed Dowan
  5016 | D:4      | Found a staircase to the Ecumenical Temple.
  5035 | D:5      | Entered Level 5 of the Dungeon
  5093 | D:5      | Reached * piety under Okawaru
  5094 | D:5      | Reached XP level 7. HP: 39/39 MP: 7/7
  5580 | D:5      | Reached XP level 8. HP: 39/44 MP: 8/8
  6182 | D:5      | Reached ** piety under Okawaru
  6443 | D:6      | Found Tota's Distillery.
  6470 | D:6      | Bought a potion of curing for 42 gold pieces
  6470 | D:6      | Bought a potion of might for 56 gold pieces
  6470 | D:6      | Bought a potion of haste for 140 gold pieces
  7038 | D:6      | Reached XP level 9. HP: 48/48 MP: 9/9
  7077 | D:6      | Reached skill level 10 in Axes
  7291 | D:6      | Reached *** piety under Okawaru
  7763 | D:6      | Identified the +4 ring mail of Hadjma {-Cast Harm Fly
                  | Str-3}
  8220 | D:7      | Found a glowing silver altar of Zin.
  8293 | D:7      | Found a sparkling altar of Nemelex Xobeh.
  8315 | D:7      | Noticed Pikel
  8515 | D:7      | Found Looculua's Antique Weapon Shoppe.
  8541 | D:7      | Found Reakh's Antique Weapon Boutique.
  9239 | D:7      | Found Aruab's Book Shoppe.
  9262 | D:7      | Found a stormy altar of Qazlal.
  9566 | D:8      | Noticed a hornet
  9594 | D:8      | Killed a hornet
  9833 | D:8      | Reached **** piety under Okawaru
 10171 | D:8      | Found a staircase to the Lair.
 10172 | D:8      | Noticed a komodo dragon
 10221 | D:8      | Killed a komodo dragon
 10222 | D:8      | Reached XP level 10. HP: 49/53 MP: 7/10
 10475 | D:8      | Found a burning altar of Makhleb.
 11135 | D:9      | Found a hazy altar of Hepliaklqana.
 11748 | D:9      | Found a bloodstained altar of Trog.
 11803 | D:9      | Found a broken altar of Ashenzari.
 11803 | D:9      | Found a white marble altar of Elyvilon.
 11852 | D:10     | Entered Level 10 of the Dungeon
 11870 | D:10     | Found a staircase to the Orcish Mines.
 12062 | D:10     | Noticed a two-headed ogre
 12076 | D:10     | Killed a two-headed ogre
 12076 | D:10     | Reached ***** piety under Okawaru
 12231 | D:10     | Noticed a two-headed ogre
 12257 | D:10     | Killed a two-headed ogre
 12534 | D:10     | Noticed a kobold demonologist
 12534 | D:10     | Noticed a kobold demonologist
 12540 | D:10     | Killed a kobold demonologist
 12591 | D:10     | Noticed an orange demon
 12599 | D:10     | Killed a kobold demonologist
 12782 | D:10     | Reached XP level 11. HP: 41/57 MP: 9/11
 12789 | D:10     | Noticed a two-headed ogre
 12881 | D:10     | Noticed Joseph
 12898 | D:10     | Killed Joseph
 12899 | D:10     | Reached skill level 15 in Axes
 12997 | D:10     | Noticed a two-headed ogre
 13006 | D:10     | Killed a two-headed ogre
 13071 | D:10     | Found a runed translucent gate.
 13071 | D:10     | Found a runed translucent gate.
 13072 | D:10     | Found a runed translucent gate.
 13074 | D:10     | Noticed ChongLi's ghost (journeyman TeCj)
 13475 | Lair:1   | Entered Level 1 of the Lair of Beasts
 13714 | D:7      | Bought an encrusted halberd for 234 gold pieces
 13714 | D:7      | Identified the +3 halberd "Osuc" {freeze, rElec Stlth+}
                  | (You bought it in a shop on level 7 of the Dungeon)
 13802 | Lair:1   | Noticed Sonja
 13804 | Lair:1   | Killed Sonja
 13804 | Lair:1   | Identified the +0 chain mail of Qutua {rC+ rN+ rCorr
                  | Stlth-} (Okawaru gifted it to you on level 1 of the Lair of
                  | Beasts)
 13804 | Lair:1   | Received a gift from Okawaru
 14457 | Lair:1   | Noticed Nergalle
 14468 | Lair:1   | Killed Nergalle
 14568 | Lair:1   | Reached skill level 1 in Invocations
 15035 | Lair:2   | Noticed a six-headed hydra
 15215 | Lair:2   | Killed a six-headed hydra
 15267 | Lair:2   | Reached XP level 12. HP: 42/67 MP: 14/14
 15397 | Lair:2   | Found a dark tunnel.
 15406 | Volcano  | Entered a volcano
 15422 | Volcano  | Reached skill level 5 in Fighting
 15474 | Volcano  | Reached ****** piety under Okawaru
 15727 | Volcano  | Reached skill level 5 in Armour
 15851 | Lair:2   | Reached skill level 5 in Evocations
 15864 | Lair:2   | Identified the -1 pair of gloves of Subjectivity {Rampage
                  | rC+ Int+4} (Okawaru gifted it to you on level 2 of the Lair
                  | of Beasts)
 15864 | Lair:2   | Received a gift from Okawaru
 16091 | Lair:2   | Noticed a boulder beetle
 16108 | Lair:2   | Killed a boulder beetle
 16109 | Lair:2   | Reached skill level 5 in Invocations
 16776 | Lair:2   | Reached XP level 13. HP: 67/79 MP: 17/17
 17499 | Lair:3   | Noticed Amaemon
 17518 | Lair:3   | Killed Amaemon
 17900 | Lair:3   | Found a staircase to the Swamp.
 18089 | Lair:3   | Found a hole to the Spider Nest.
 18398 | Lair:3   | Identified the +2 robe of the Lumpy Xalams {Harm *Corrode
                  | Int+6 Archmagi} (Okawaru gifted it to you on level 3 of the
                  | Lair of Beasts)
 18398 | Lair:3   | Received a gift from Okawaru
 18721 | Lair:4   | Reached skill level 10 in Fighting
 18721 | Lair:4   | Reached skill level 1 in Throwing
 20100 | Lair:5   | Entered Level 5 of the Lair of Beasts
 20120 | Lair:5   | Gained mutation: Your large and strong wings let you fly.
                  | [Gargoyle growth]
 20120 | Lair:5   | Reached XP level 14. HP: 78/88 MP: 20/20
 20172 | Lair:4   | Reached skill level 5 in Throwing
 20731 | Lair:5   | Reached skill level 1 in Shields
 20763 | Lair:5   | Reached skill level 2 in Shields
 20807 | Lair:5   | Received a gift from Okawaru
 20874 | Lair:5   | Reached skill level 3 in Shields
 21353 | Lair:5   | Reached skill level 4 in Shields
 21460 | Lair:5   | Reached skill level 5 in Shields
 22030 | Lair:5   | Reached skill level 6 in Shields
 22117 | Lair:5   | Received a gift from Okawaru
 22790 | D:11     | Reached skill level 7 in Shields
 22800 | D:11     | Reached skill level 1 in Dodging
 22807 | D:11     | Received a gift from Okawaru
 22818 | D:11     | Found a frozen archway.
 22856 | D:11     | Found a sparkling altar of Nemelex Xobeh.
 22875 | D:11     | Found Labem's Jewellery Shop.
 23017 | D:11     | Found a gate leading to a gauntlet.
 23023 | Gauntlet | Entered a Gauntlet
 23023 | Gauntlet | Found a transporter.
 23023 | Gauntlet | Found a transporter.
 23024 | Gauntlet | Found a transporter.
 23025 | Gauntlet | Found a transporter.
 23025 | Gauntlet | Found a transporter.
 23028 | Gauntlet | Found a transporter.
 23034 | Gauntlet | Found a transporter.
 23037 | Gauntlet | Found a transporter.
 23039 | Gauntlet | Found a transporter.
 23041 | Gauntlet | Found a transporter.
 23047 | Gauntlet | Found a transporter.
 23047 | Gauntlet | Found a transporter.
 23240 | Gauntlet | Received a gift from Okawaru
 23258 | Gauntlet | Identified the +2 pair of gloves "Iwkuh" {Rampage *Slow
                  | rPois SInv}
 23383 | Gauntlet | Received a gift from Okawaru
 23452 | IceCv    | Entered an ice cave
 23776 | IceCv    | Noticed a reaper
 23810 | IceCv    | Killed a reaper
 24297 | IceCv    | Got the Quarto of Glaciation
 24681 | Orc:1    | Entered Level 1 of the Orcish Mines
 24869 | D:10     | Reached XP level 15. HP: 81/93 MP: 21/21
 25815 | Orc:2    | Entered Level 2 of the Orcish Mines
 25875 | Orc:2    | Received a gift from Okawaru
 25878 | Orc:2    | Paralysed by something for 4 turns
 26696 | Orc:2    | Found a staircase to the Elven Halls.
 26724 | Orc:2    | Paralysed by something for 2 turns
 26770 | Orc:2    | Received a gift from Okawaru
 26990 | Orc:2    | Found Ynyde's Book Shoppe.
 26990 | Orc:2    | Found Zoakhloef's Book Shop.
 26991 | Orc:2    | Found Xoczak's Magic Scroll Shop.
 26991 | Orc:2    | Found Laosae's Book Emporium.
 26996 | Orc:2    | Identified the +5 war axe "Spider's Death" {venom, rElec
                  | rF+ Str+2 Stlth+} (Okawaru gifted it to you on level 2 of
                  | the Orcish Mines)
 26996 | Orc:2    | Received a gift from Okawaru
 27218 | Orc:2    | Bought a scroll of blinking for 135 gold pieces
 27778 | D:7      | Bought a manual of Shields for 1040 gold pieces
 28043 | D:7      | Killed Pikel
 28552 | D:10     | Killed ChongLi's ghost
 28994 | D:12     | Reached skill level 8 in Shields
 29163 | D:12     | Identified the +2 war axe of the Extremes {freeze, rElec
                  | MP+9}
 30021 | D:12     | Received a gift from Okawaru
 30809 | D:13     | Received a gift from Okawaru
 30928 | D:13     | Identified the +6 dire flail "Netemuph" {freeze, Will+
                  | Str+4}
 31056 | D:13     | Reached skill level 9 in Shields
 31547 | D:13     | Noticed Kirke
 31570 | D:13     | Killed Kirke
 31570 | D:13     | Identified the +5 cloak of Defence {*Slow rN+ Str+7}
                  | (Okawaru gifted it to you on level 13 of the Dungeon)
 31570 | D:13     | Received a gift from Okawaru
 31571 | D:13     | Reached XP level 16. HP: 95/98 MP: 22/22
 31769 | D:13     | Reached skill level 10 in Armour
 32228 | D:14     | Reached skill level 10 in Shields
 32570 | D:14     | Noticed Azrael
 32597 | D:14     | Killed Azrael
 33333 | D:14     | Found a gate to the Vaults.
 33350 | D:14     | Reached skill level 11 in Shields
 33836 | D:15     | Entered Level 15 of the Dungeon
 33874 | D:15     | Received a gift from Okawaru
 33875 | D:15     | Reached skill level 12 in Shields
 34616 | D:15     | Reached skill level 13 in Shields
 34678 | D:15     | Found a staircase to the Depths.
 35195 | Spider:1 | Entered Level 1 of the Spider Nest
 35657 | D:7      | Bought a manual of Throwing for 1040 gold pieces
 36697 | Spider:1 | Reached skill level 14 in Shields
 36888 | Spider:1 | Found a runed translucent gate.
 36889 | Spider:1 | Found a runed translucent gate.
 36890 | Spider:1 | Found a runed translucent gate.
 36891 | Spider:1 | Noticed Theoretic's ghost (adept TeWr)
 37062 | Spider:1 | Reached XP level 17. HP: 100/103 MP: 23/23
 37744 | Spider:1 | Received a gift from Okawaru
 38295 | Spider:2 | Noticed Nikola
 38325 | Spider:2 | Killed Nikola
 38325 | Spider:2 | Received a gift from Okawaru
 38418 | Spider:2 | Reached skill level 15 in Shields
 38763 | Spider:2 | Received a gift from Okawaru
 39130 | Spider:2 | Reached skill level 10 in Throwing
 39194 | Spider:2 | Identified the +11 spear of Crystal {vamp, rPois Int+2}
                  | (Okawaru gifted it to you on level 2 of the Spider Nest)
 39194 | Spider:2 | Received a gift from Okawaru
 41498 | Spider:3 | Received a gift from Okawaru
 41499 | Spider:3 | Found the +18 Lear's hauberk
 43048 | Spider:4 | Entered Level 4 of the Spider Nest
 43092 | Spider:4 | Reached XP level 18. HP: 101/114 MP: 24/24
 44736 | Spider:4 | Received a gift from Okawaru
 45173 | Spider:4 | Received a gift from Okawaru
 46059 | Spider:4 | Identified the +0 hat of Duck's Teeth {Will- rCorr Stlth+}
 46178 | Spider:4 | Got a gossamer rune of Zot
 46489 | Swamp:1  | Entered Level 1 of the Swamp
 46489 | Swamp:1  | Noticed Mlioglotl
 46517 | Lair:3   | Killed Mlioglotl
 46795 | Swamp:1  | Received a gift from Okawaru
 48648 | Swamp:2  | Noticed Aizul
 48674 | Swamp:2  | Killed Aizul
 49611 | Swamp:3  | Reached skill level 16 in Shields
 49653 | Swamp:3  | Received a gift from Okawaru
 49904 | D:11     | Bought a +6 ring of strength for 504 gold pieces
 50221 | Swamp:4  | Entered Level 4 of the Swamp
 50772 | Swamp:4  | Reached XP level 19. HP: 123/123 MP: 25/25
 50945 | Swamp:4  | Reached skill level 15 in Fighting
 51763 | Swamp:4  | Reached skill level 15 in Throwing
 52023 | Swamp:4  | Noticed the 27-headed Lernaean hydra
 52029 | Swamp:4  | Killed the 27-headed Lernaean hydra
 52036 | Swamp:4  | Got a decaying rune of Zot
 52331 | Lair:5   | Found a staircase to the Slime Pits.
 52811 | Temple   | Entered the Ecumenical Temple
 53001 | D:4      | Killed Duvessa
 53004 | D:4      | Killed Dowan
 53462 | Elf:1    | Entered Level 1 of the Elven Halls
 54160 | Elf:1    | Identified the +3 scale mail "Duifiala" {rCorr Str+6}
                  | (Okawaru gifted it to you on level 1 of the Elven Halls)
 54160 | Elf:1    | Received a gift from Okawaru
 55522 | Elf:2    | Paralysed by an air elemental for 1 turns
 55787 | Elf:2    | Found a runed translucent gate.
 55787 | Elf:2    | Found a runed translucent gate.
 55787 | Elf:2    | Found a runed translucent gate.
 56027 | Elf:3    | Entered Level 3 of the Elven Halls
 56042 | Elf:3    | Found a flickering gateway to a bazaar.
 56074 | Bazaar   | Entered a bazaar
 56074 | Bazaar   | Found Nuliorph's Antique Weapon Shop.
 56166 | Bazaar   | Found Tigu's Antique Armour Shop.
 56186 | Bazaar   | Found Uffufaig's General Store.
 56242 | Bazaar   | Bought a condenser vane for 480 gold pieces
 57051 | Elf:2    | Reached skill level 15 in Armour
 57242 | Elf:3    | Paralysed by an air elemental for 1 turns
 57247 | Elf:3    | Paralysed by an air elemental for 1 turns
 57251 | Elf:3    | Reached XP level 20. HP: 57/132 MP: 11/26
 57712 | Elf:3    | Identified the +2 robe of Xom's Approval {rElec Str+3}
 57721 | Elf:3    | Identified the +0 hand axe of Atanygru {vorpal, *Noise rF++
                  | rC+++} (Okawaru gifted it to you on level 3 of the Elven
                  | Halls)
 57721 | Elf:3    | Received a gift from Okawaru
 57964 | Elf:3    | Identified a scroll of acquirement
 58183 | Elf:3    | Acquired the ring of Faretuett {rN++ Dex+6}
 58209 | Elf:3    | Reached skill level 17 in Shields
 59033 | Elf:3    | Identified the +7 longbow of Wrongful Imprisonment {flame,
                  | rC- rN++ Dex+10}
 59038 | Elf:3    | Identified the +3 leather armour "Gaoxu" {*Corrode rElec
                  | rC++}
 59063 | Abyss:2  | Cast into level 2 of the Abyss (a deep elf sorcerer)
 59115 | Elf:3    | Escaped the Abyss
 59326 | Elf:3    | Acquired a manual of Throwing
 59360 | Elf:3    | Got the Papyrus of Kindling and Metal
 60054 | Vaults:1 | Entered Level 1 of the Vaults
 60141 | Vaults:1 | Received a gift from Okawaru
 60198 | Vaults:1 | Found Goniunot's Antique Armour Shoppe.
 60325 | Vaults:1 | Received a gift from Okawaru
 60390 | Vaults:1 | Found Ylyrph's Magic Scroll Emporium.
 60417 | Vaults:1 | Reached skill level 5 in Dodging
 60473 | Vaults:1 | Found Qetump's Distillery.
 60473 | Vaults:1 | Found Byph's Distillery.
 60819 | Vaults:1 | Found a flickering gateway to a bazaar.
 60830 | Bazaar   | Entered a bazaar
 60830 | Bazaar   | Found Diyx's Armour Shop.
 60830 | Bazaar   | Found Ratoxtet's Assorted Antiques.
 60830 | Bazaar   | Found Laus's Assorted Antiques.
 61008 | Bazaar   | Bought a garnet ring for 105 gold pieces
 61008 | Bazaar   | Bought a scroll of teleportation for 63 gold pieces
 61016 | Bazaar   | Bought a scroll of teleportation for 105 gold pieces
 61016 | Bazaar   | Bought a potion of berserk rage for 175 gold pieces
 61016 | Bazaar   | Bought a scroll of enchant armour for 262 gold pieces
 61242 | Vaults:1 | Bought a scroll of enchant weapon for 82 gold pieces
 62491 | Vaults:2 | Reached XP level 21. HP: 132/140 MP: 25/27
 62695 | Vaults:2 | Received a gift from Okawaru
 63116 | Vaults:2 | Received a gift from Okawaru
 63573 | Vaults:2 | Received a gift from Okawaru
 63837 | Vaults:2 | Received a gift from Okawaru
 64269 | Vaults:2 | Found a staircase to the Crypt.
 64358 | Vaults:2 | Reached skill level 18 in Shields
 64829 | Vaults:3 | Identified the +1 broad axe of Domination {flame, Int+6}
                  | (Okawaru gifted it to you on level 3 of the Vaults)
 64829 | Vaults:3 | Received a gift from Okawaru
 65594 | Vaults:3 | Identified the amulet "Cisal" {Reflect +Blink Fly SH+5}
 66137 | Vaults:4 | Identified the +1 plate armour of Fortitude {rF+ Will-
                  | Regen+}
 66747 | Vaults:4 | Identified the +3 flail "Tocu" {venom, rCorr Str+4 Int-2}
                  | (Okawaru gifted it to you on level 4 of the Vaults)
 66747 | Vaults:4 | Received a gift from Okawaru
 66897 | Vaults:4 | Found Yffal's Magic Scroll Boutique.
 66905 | Vaults:4 | Bought a scroll of blinking for 105 gold pieces
 66905 | Vaults:4 | Bought a scroll of poison for 56 gold pieces
 67261 | Vaults:4 | Reached XP level 22. HP: 116/150 MP: 22/28
 67595 | Vaults:4 | Noticed Xtahua
 67610 | Vaults:4 | Killed Xtahua
 68372 | Vaults:4 | Received a gift from Okawaru
 68938 | Depths:1 | Entered Level 1 of the Depths
 68962 | Depths:1 | Found a one-way gateway to a ziggurat.
 68986 | Depths:1 | Received a gift from Okawaru
 69602 | Depths:1 | Found Taxamaho's Assorted Antiques.
 69610 | Depths:1 | Bought a pitted pewter ring for 130 gold pieces
 69610 | Depths:1 | Identified the ring of the Snail {Fly rElec rF- Slay+6
                  | Stlth+} (You bought it in a shop on level 1 of the Depths)
 69618 | Depths:1 | Bought a scroll of fog for 104 gold pieces
 69790 | Depths:1 | Found a transporter.
 70237 | Depths:1 | Found a transporter.
 70343 | Depths:1 | Found a gateway to Hell.
 70545 | Depths:2 | Received a gift from Okawaru
 70547 | Depths:2 | Reached skill level 10 in Evocations
 70952 | Depths:2 | Found a one-way gate leading to the halls of Pandemonium.
 71295 | Depths:2 | Found Joenol's Jewellery Shop.
 71307 | Depths:2 | Found Toempac's Book Emporium.
 71308 | Depths:2 | Found Bahesmes's Jewellery Shop.
 71511 | Depths:1 | Received a gift from Okawaru
 72317 | Depths:2 | Reached skill level 19 in Shields
 72871 | Depths:3 | Found a one-way gate to the infinite horrors of the Abyss.
 73508 | Depths:3 | Identified the +9 glaive of Exquisite Torment {vorpal,
                  | Fragile +Blink rF- Dex+3}
 73538 | Depths:3 | Paralysed by a sphinx for 3 turns
 73757 | Depths:3 | Received a gift from Okawaru
 73758 | Depths:3 | Reached XP level 23. HP: 131/156 MP: 27/29
 74385 | Depths:3 | Received a gift from Okawaru
 75117 | Depths:3 | Noticed a caustic shrike
 75117 | Depths:3 | a shadow dragon changed into a caustic shrike
 75125 | Depths:3 | a caustic shrike changed into an acid blob
 75156 | Depths:3 | Received a gift from Okawaru
 75692 | Depths:4 | Entered Level 4 of the Depths
 76031 | Depths:4 | Noticed a golden dragon
 76055 | Depths:4 | Killed a golden dragon
 76075 | Depths:4 | Found a gate to the Realm of Zot.
 76447 | Orc:2    | Bought a scroll of enchant armour for 135 gold pieces
 76447 | Orc:2    | Bought a scroll of teleportation for 54 gold pieces
 76447 | Orc:2    | Bought a scroll of teleportation for 54 gold pieces
 76447 | Orc:2    | Bought a scroll of fear for 72 gold pieces
 76447 | Orc:2    | Bought a scroll of teleportation for 54 gold pieces
 77406 | Depths:4 | Found a hide-covered altar of Uskayaw.
 77597 | Vaults:5 | Entered Level 5 of the Vaults
 77606 | Vaults:5 | Received a gift from Okawaru
 77609 | Vaults:5 | Reached skill level 20 in Shields
 77617 | Vaults:5 | Identified the +6 scale mail of the Gastropod {rN+++
                  | Slay-4} (Okawaru gifted it to you on level 5 of the Vaults)
 77617 | Vaults:5 | Received a gift from Okawaru
 77719 | Vaults:5 | Noticed a golden dragon
 77869 | Vaults:5 | Noticed a dread lich
 77882 | Vaults:5 | Reached XP level 24. HP: 164/164 MP: 20/29
 77899 | Vaults:5 | Killed a dread lich
 78051 | Vaults:5 | Received a gift from Okawaru
 78360 | Vaults:5 | Received a gift from Okawaru
 78420 | Vaults:5 | Noticed an ancient lich
 78434 | Vaults:5 | Identified the +1 leather armour "Waudd" {rC+ Str+4}
 79062 | Vaults:5 | Received a gift from Okawaru
 79171 | Vaults:5 | Identified the +5 battleaxe of the Tundras {spect, rElec
                  | rC+ Str+4 Dex-4}
 79257 | Vaults:5 | Identified the ring of Rojioh {rC- rN++ MP+9}
 79262 | Vaults:5 | Got a silver rune of Zot
 79263 | Vaults:5 | Acquired a manual of Shields
 79478 | Vaults:5 | Identified the +12 dagger of Dismay {vorpal, Dex+3}
 79518 | Vaults:5 | Acquired a manual of Evocations
 79520 | Vaults:5 | Acquired 1060 gold pieces
 79702 | Depths:2 | Bought the amulet "Tusuog" {Spirit Harm Rampage Will+++
                  | Str-4} for 1018 gold pieces
 79720 | Depths:2 | Bought a ring of resist corrosion for 260 gold pieces
 80064 | Slime:1  | Entered Level 1 of the Pits of Slime
 80064 | Slime:1  | Found a viscous altar of Jiyva.
 80087 | Slime:1  | Received a gift from Okawaru
 80320 | Slime:1  | Received a gift from Okawaru
 80710 | Slime:3  | Gained mutation: You are weak. (Str -2) [a shining eye]
 80828 | Slime:4  | Reached XP level 25. HP: 172/172 MP: 11/29
 81044 | Slime:5  | Entered Level 5 of the Pits of Slime
 81067 | Slime:5  | Received a gift from Okawaru
 81068 | Slime:5  | Reached skill level 15 in Evocations
 81085 | Slime:5  | Noticed the Royal Jelly
 81096 | Slime:5  | Killed the Royal Jelly
 81125 | Slime:5  | Reached skill level 21 in Shields
 81609 | Slime:5  | Identified the +10 quarterstaff of the Spider {spect,
                  | Dex+5}
 81630 | Slime:5  | Identified the amulet of the Komtur {Acrobat Int-4 Dex+6
                  | SInv}
 81656 | Slime:5  | Identified the +7 hand axe of the Many Spirits {venom, rC+
                  | rN+ Str+2 Int+4}
 81660 | Slime:5  | Got a slimy rune of Zot
 81661 | Slime:5  | Identified the +1 leather armour of the Beekeeper {Str+2
                  | Int+4}
 81685 | Slime:5  | Identified the +1 ring mail of Objectivity {rElec rC- Str+2
                  | Stlth+}
 82237 | Zot:1    | Entered Level 1 of the Realm of Zot
 82890 | Zot:1    | Received a gift from Okawaru
 83476 | Zot:2    | Received a gift from Okawaru
 83580 | Zot:2    | Reached skill level 22 in Shields
 83605 | Zot:2    | Identified the +1 plate armour "Zailaf" {Rampage rF+
                  | Will++} (Okawaru gifted it to you on level 2 of the Realm
                  | of Zot)
 83605 | Zot:2    | Received a gift from Okawaru
 84511 | Zot:2    | Noticed an ancient lich
 84521 | Zot:2    | Killed an ancient lich
 84668 | Zot:2    | Reached XP level 26. HP: 180/180 MP: 29/29
 85159 | Zot:2    | Identified the +1 leather armour "Miluut" {rElec rF+}
 85906 | Zot:3    | Noticed a Killer Klown
 85922 | Zot:3    | Killed a Killer Klown
 86693 | Zot:4    | Received a gift from Okawaru
 86852 | Zot:4    | Noticed a Killer Klown
 86857 | Zot:4    | Noticed an orb of fire
 86870 | Zot:4    | Killed an orb of fire
 86918 | Zot:4    | Killed a Killer Klown
 87958 | Zot:5    | Entered Level 5 of the Realm of Zot
 87977 | Zot:5    | Reached skill level 23 in Shields
 88001 | Zot:5    | Identified the +0 robe of Marbles {Harm Int+6} (Okawaru
                  | gifted it to you on level 5 of the Realm of Zot)
 88001 | Zot:5    | Received a gift from Okawaru
 88418 | Zot:5    | Noticed an ancient lich
 88446 | Zot:5    | Killed an ancient lich
 88924 | Zot:5    | Reached XP level 27. HP: 181/189 MP: 24/29
 89484 | Zot:5    | Noticed an orb of fire
 89487 | Zot:5    | Gained mutation: You have hidden genetic defects. [an orb
                  | of fire]
 89494 | Zot:5    | Killed an orb of fire
 89495 | Zot:5    | Noticed an ancient lich
 89512 | Zot:5    | Killed an ancient lich
 89567 | Zot:5    | Reached skill level 24 in Shields
 89761 | Zot:5    | Noticed an orb of fire
 89769 | Zot:5    | Gained mutation: You are very weak. (Str -4) [an orb of
                  | fire]
 89779 | Zot:5    | Gained mutation: You are occasionally teleported next to
                  | monsters. [an orb of fire]
 89781 | Zot:5    | Killed an orb of fire
 89782 | Zot:5    | Lost mutation: You are occasionally teleported next to
                  | monsters. [potion of mutation]
 89782 | Zot:5    | Lost mutation: You are very weak. (Str -4) [potion of
                  | mutation]
 89782 | Zot:5    | Lost mutation: You have hidden genetic defects. [potion of
                  | mutation]
 89782 | Zot:5    | Gained mutation: Potions are less effective at restoring
                  | your health. [potion of mutation]
 89782 | Zot:5    | Lost mutation: You are weak. (Str -2) [potion of mutation]
 89782 | Zot:5    | Gained mutation: You have a pair of small horns on your
                  | head. [potion of mutation]
 89783 | Zot:5    | Lost mutation: Potions are less effective at restoring your
                  | health. [potion of mutation]
 89783 | Zot:5    | Lost mutation: You have a pair of small horns on your head.
                  | [potion of mutation]
 89783 | Zot:5    | Gained mutation: You occasionally shout uncontrollably at
                  | your foes. [potion of mutation]
 89789 | Zot:5    | Noticed a dread lich
 89789 | Zot:5    | Noticed a dread lich
 89789 | Zot:5    | Noticed an ancient lich
 89813 | Zot:5    | Killed a dread lich
 89813 | Zot:5    | Received a gift from Okawaru
 90202 | Zot:5    | Killed a dread lich
 90346 | Zot:5    | Got the Orb of Zot
 90363 | Zot:5    | Noticed Ximem the pandemonium lord
 90374 | Zot:5    | Killed Ximem the pandemonium lord
 90374 | Zot:5    | Received a gift from Okawaru
 90411 | Zot:5    | Killed an ancient lich
 90506 | Zot:3    | Reached skill level 25 in Shields
 90990 | D:7      | Noticed Byzxoss the pandemonium lord
 91265 | D:$      | Escaped with the Orb!

Illustrated notes

Levels and vault maps discovered:
D:1:      dpeg_arrival_stone_temple_mockup, layout_loops_ring
D:2:      layout_rooms, chequers_ecumenical_altar_simple_redux
D:3:      layout_rooms, chequers_temple_overflow_statue_of_worship,
          nicolae_overflow_two_pavilions
D:4:      layout_rooms, minmay_temple_entry_drinking_statues, uniq_robin,
          uniq_duvessa, uniq_menkaure
D:5:      layout_basic, minmay_bent
D:6:      corexii_shantytown, layout_basic, serial_shops, nicolae_stop_n_shop_2
D:7:      layout_basic, mainiacjoe_overflow_alcove_1, mainiacjoe_overflow_paths,
          mainiacjoe_overflow_24_doors, serial_shops, nicolae_shop_crystal,
          nicolae_take_the_stairs, shop, uniq_pikel
D:8:      layout_loops_ring, makhleb_grotto_becter, david_lair_shrubbed,
          serial_co_window_serial, co_window_paths_a, co_window_paths_a,
          co_window_paths_b, co_window_of_opportunity_a, co_window_paths_a,
          co_window_corner_b, co_window_broadway_a, co_window_2corner,
          co_window_corner_cb, co_window_4corner_a, glass_columns_a,
          glass_columns_a, glass_columns_a, glass_columns_a, glass_columns_a
D:9:      layout_stronghold, mainiacjoe_overflow_alcove_4,
          gammafunk_temple_overflow_statue, marbit_many_paths
D:10:     layout_roguey, orc_0_dummy, gammafunk_ghost_spectres,
          onia_ninara_cookie, uniq_joseph
D:11:     layout_cave_pools, portal_ice_cave_entry_pillars_1,
          gauntlet_entry_generic, serial_shops, nicolae_shop_waterfront,
          nemelex_diamond_rough_becter
D:12:     layout_roguey, kennysheep_potato
D:13:     layout_rooms, minmay_hollow_rounded_squares, uniq_kirke
D:14:     layout_irregular_city, lightli_vaults_fourway_checkpoint,
          nrook_pool_corridor, uniq_azrael
D:15:     hangedman_depths_entry_try_elsewhere_first, layout_loops_ring,
          kennysheep_doodads, minmay_misc_feat_iff
Temple:   chequers_temple_sunken
Lair:1:   layout_small_grid, cheibrodos_lair_reptile_den, uniq_nergalle,
          uniq_sonja
Lair:2:   layout_hall_layers, enter_volcano_1, hibernation_bobbens,
          infiniplex_staircase_pool, grunt_megastairs_1
Lair:3:   layout_hall_layers, swamp_mist_pool,
          nicolae_spider_entry_orb_guardian, grunt_megastairs_4, uniq_amaemon
Lair:4:   layout_roguey, serial_bayou_lagoon_a, serial_bayou_pond_a,
          beast_lair_carwin_3, lemuel_fruit_fields
Lair:5:   minmay_lair_end_frog_pond, layout_misc_corridors,
          minmay_slime_entry_oklob_open, nicolae_lair_lindhole
Swamp:1:  layout_falls_marsh, hangedman_swamp_ruin_wall, uniq_mlioglotl
Swamp:2:  layout_basic_swamp, evilmike_swamp_ruin_house_6, swamp_pool3,
          nicolae_swamp_dense_foliage, uniq_aizul
Swamp:3:  layout_falls_marsh, hangedman_swamp_pad, swamp_pool1
Swamp:4:  swamp_vile, layout_basic_swamp
Spider:1: layout_chambers, ebering_ghost_rock_garden,
          nicolae_spider_rock_and_or_roll
Spider:2: layout_spider_delve, uniq_nikola
Spider:3: layout_spider_delve
Spider:4: grunt_spider_rune_circles, worms_lemuel,
          hangedman_spider_tarantella_strand
Slime:1:  cheibrodos_slime_lost_civilization_3, layout_caves, basic_altar,
          special_room [special_room_jelly]
Slime:2:  layout_caves
Slime:3:  layout_caves
Slime:4:  layout_caves, nicolae_slime_welcoming_committee
Slime:5
Orc:1:    layout_caves
Orc:2:    st_orc_ogre_mass, layout_caves
Elf:1:    layout_geoelf_octagon, minivault_28
Elf:2:    elven_hall_of_blades_hangedman_original
          [nicolae_blade_entry_hurt_lockers], layout_gridlike
Elf:3:    grunt_elf_hall_spiral, layout_loops_corners, serial_shops,
          bzr_entry_lakeside
Vaults:1: st_quartered_hall, ontoclasm_vaults_gateway, ontoclasm_vaults_bender,
          vaults_standard_mumra_x, hangedman_vaults_cutoff, v_rooms_1,
          vaults_mumra_chevron_long, grunt_vaults_focal, ontoclasm_vaults_eye,
          grunt_vaults_funnel, nicolae_vaults_diagonal_hallway_9,
          nicolae_vaults_theta, layout_vaults_ring, serial_shops,
          bzr_in_the_mist, nicolae_shop_statue_plus, shop, shop, shop
Vaults:2: minmay_crypt_entry_simple_box, nicolae_vaults_hallways_thing,
          v_alt_pattern_5, v_misc_30, nicolae_vaults_big_ls, v_misc_22,
          nicolae_vaults_diagonal_hallway_7, v_misc_32, ontoclasm_vaults_chip,
          vaults_dpeg_diagonal, layout_vaults_chaotic_city
Vaults:3: vaults_dpeg_hooks, st_smaller_cells, vaults_room_door_hall,
          vaults_room_pools, nicolae_vaults_yaktaur_gun_rack, v_misc_23,
          ontoclasm_vaults_claustrophobia, vaults_room_semicircle,
          layout_vaults_quadrants
Vaults:4: v_rooms_4, nicolae_vaults_network_s, vaults_room_hallway,
          nicolae_vaults_meeting, nicolae_vaults_puzzle_piece,
          hangedman_vaults_restitches, v_pattern_5, vaults_room_semicircle,
          hangedman_vaults_maws, ontoclasm_vaults_tryst,
          hangedman_vaults_corner_blocks, nicolae_vaults_circle_grid_b,
          nicolae_vaults_little_squares_3, nicolae_vaults_theta,
          ontoclasm_vaults_ring_square, layout_vaults_maze_bifur, serial_shops,
          shop, uniq_xtahua
Vaults:5: serial_shops
Depths:1: layout_roguey, enter_ziggurat_b, serial_shops,
          nicolae_shop_advertising_works [nicolae_subvault_shop_adworks],
          pf_vacation_house_of_asmodeus, grunt_decor_junction,
          serial_bayou_pond_b, nicolae_diode_stairs
Depths:2: dreamdust_hydra_shepherd, layout_cave_shapes, hangedman_coc_ice_floe,
          rand_demon_pan_entry_5, nicolae_twisting_strands, minmay_shop_grove,
          minmay_staircase_statues_hall_large
Depths:3: hangedman_crystal_crosses_colossus [crystal_crosses_arms_four,
          crystal_crosses_arms_two, crystal_crosses_arms_two,
          crystal_crosses_arms_one], hell_entry, abyss_entry, serial_shops
Depths:4: grunt_zot_entry_gee_three, layout_gridlike, hell_entry,
          kennysheep_pointless_box, grunt_decor_resistance,
          nicolae_uskayaw_suspiria
Zot:1:    layout_onion_interference, hangedman_zot_decor_scrapings
Zot:2:    gammafunk_mikee_crab_dinner, layout_misc_corridors,
          lemuel_lich_library
Zot:3:    layout_gridlike, grunt_megastairs_3
Zot:4:    layout_onion_interference, zot_minivault_1
Zot:5:    layout_basic, st_stairs_3, grunt_ministairs_12

Skill      XL: |  1  2  3  4  5  6  7  8  9 10 11 12 13 14 15 16 17 18 19 20 21 22 23 24 25 26 27 |
---------------+----------------------------------------------------------------------------------+-----
Evocations     | 3 5 8 9 10 12 14 16 18 19 | 19.0
Axes           | 1 2 3 5 6 7 9 12 14 16 17 18 19 20 | 20.0
Fighting       | 4 8 10 13 14 16 17 19 20 21 22 23 24 | 24.8
Invocations    | 2 5 8 9 |  9.0
Armour         | 3 6 7 9 12 13 14 15 16 17 18 19 20 | 20.6
Throwing       | 4 6 7 8 12 14 15 16 17 18 20 | 20.0
Shields        | 7 9 14 15 16 17 18 19 20 22 23 25 | 25.3
Dodging        | 2 3 5 7 8 9 |  9.2
Stealth        | |  1.1

Action                   |  1- 3 |  4- 6 |  7- 9 | 10-12 | 13-15 | 16-18 | 19-21 | 22-24 | 25-27 || total
-------------------------+-------+-------+-------+-------+-------+-------+-------+-------+-------++-------
Melee: Club              |    40 |       |       |       |       |       |       |       |       ||    40
       Hand axe          |   110 |   197 |       |       |       |       |       |    22 |       ||   329
       Punch             |       |     3 |     2 |    16 |     9 |       |       |       |       ||    30
       War axe           |       |    46 |   372 |   557 |  1022 |       |       |       |       ||  1997
       Trident           |       |       |       |    11 |       |       |       |       |       ||    11
       Broad axe         |       |       |       |       |   561 |  1816 |  1543 |  1434 |  1549 ||  6903
       Scimitar          |       |       |       |       |       |    16 |    12 |       |       ||    28
       Unarmed           |       |       |       |       |       |       |       |       |     9 ||     9
Throw: Dart              |       |     5 |    37 |    39 |    52 |    13 |     6 |     6 |       ||   158
       Boomerang         |       |       |     5 |     2 |    34 |   168 |    49 |    22 |   140 ||   420
       Javelin           |       |       |       |       |       |     6 |     6 |     8 |    28 ||    48
Invok: Heroism           |       |       |     4 |     7 |     5 |     1 |       |       |       ||    17
       Finesse           |       |       |       |     3 |     6 |    10 |     8 |    13 |    16 ||    56
Evoke: Wand              |     1 |     6 |     2 |     3 |     2 |       |       |     2 |     1 ||    17
       Tin of tremorston |       |       |       |     3 |     2 |     1 |     2 |     3 |     3 ||    14
       Condenser vane    |       |       |       |       |       |       |       |     2 |     1 ||     3
  Use: Potion            |       |     4 |       |       |     1 |     1 |     2 |     6 |    19 ||    33
       Scroll            |       |       |     7 |     8 |    10 |     9 |     9 |    14 |     7 ||    64
 Stab: Confused          |       |       |       |       |       |     1 |       |       |       ||     1
       Petrified         |       |       |       |       |       |       |       |     4 |       ||     4
       Paralysed         |       |       |       |       |       |       |       |       |     5 ||     5
Armor: Leather armour    |    79 |   160 |     2 |       |       |       |       |       |       ||   241
       Ring mail         |       |       |   251 |   271 |   177 |       |       |       |       ||   699
       Chain mail        |       |       |       |       |   564 |   108 |   158 |       |       ||   830
       Crystal plate arm |       |       |       |       |   310 |  1465 |   718 |   471 |       ||  2964
       Gold dragon scale |       |       |       |       |       |       |       |   429 |   871 ||  1300
Dodge: Dodged            |    96 |   207 |   154 |   191 |   447 |   279 |   279 |   285 |   222 ||  2160
Block: Buckler           |       |       |       |       |   176 |       |       |       |       ||   176
       Kite shield       |       |       |       |       |   144 |  1061 |   688 |   475 |       ||  2368
       Tower shield      |       |       |       |       |       |       |       |   386 |  1225 ||  1611
